| TOP OF THE 1ST |
|
Washington Nationals batting - Pitching for Chicago Cubs : RHP Josh MacQueen
|
|
Pitching: RHP Josh MacQueen
|
|
|
Batting: RHB Tommy Baird
|
0-0: Ball 1-0: Ball 2-0: Called Strike 2-1: Ground out 5-3 (Groundball, 56, EV 76.9 MPH)
|
|
Batting: RHB Dave Vargas
|
0-0: Foul Ball, location: 2F 0-1: Ball 1-1: Called Strike 1-2: Ball 2-2: Strikes out swinging
|
|
Batting: LHB Seth Cook
|
0-0: Ball 1-0: Ball 2-0: Foul Ball, location: 2F 2-1: Ground out 6-3 (Groundball, 6, EV 108.8 MPH)
|
| Top of the 1st over - 0 runs, 0 hits, 0 errors, 0 left on base; Washington 0 - Chicago 0 |
| BOTTOM OF THE 1ST |
|
Chicago Cubs batting - Pitching for Washington Nationals : RHP George Kellum
|
|
Pitching: RHP George Kellum
|
|
|
Batting: RHB Josh Kalman
|
0-0: Ball 1-0: Swinging Strike 1-1: Swinging Strike 1-2: Ball 2-2: Ball 3-2: Base on Balls
|
|
Batting: SHB Zory Larikov
|
0-0: Called Strike 0-1: Ball 1-1: Ball 2-1: Foul Ball, location: 2F 2-2: Strikes out swinging
|
|
Batting: LHB Kevin Norton
|
0-0: Ball 1-0: Ball 2-0: Ball 3-0: Base on Balls Josh Kalman to second
|
|
Batting: RHB Xavier Davis
|
0-0: Ball 1-0: Ball Josh Kalman is caught stealing 3rd base 2-5 Kevin Norton to second 2-0: Ball 3-0: Called Strike 3-1: Called Strike 3-2: Base on Balls
|
|
Batting: SHB Moe Lester
|
0-0: Ball 1-0: Ball 2-0: Foul Ball, location: 2F 2-1: Foul Ball, location: 2F 2-2: Fly out, F8 (Flyball, 8LD, EV 96.2 MPH)
|
| Bottom of the 1st over - 0 runs, 0 hits, 0 errors, 2 left on base; Washington 0 - Chicago 0 |
| TOP OF THE 2ND |
|
Washington Nationals batting - Pitching for Chicago Cubs : RHP Josh MacQueen
|
|
Batting: RHB John Sanders
|
0-0: Ball 1-0: Ball 2-0: Fly out, F8 (Flyball, 8RXD, EV 101.9 MPH)
|
|
Batting: LHB Kyung-jin Cho
|
0-0: Ground out 5-3 (Groundball, 56, EV 81.9 MPH)
|
|
Batting: RHB Kirk Arp
|
0-0: Fly out, F8 (Flyball, 89S, EV 73.1 MPH)
|
| Top of the 2nd over - 0 runs, 0 hits, 0 errors, 0 left on base; Washington 0 - Chicago 0 |
| BOTTOM OF THE 2ND |
|
Chicago Cubs batting - Pitching for Washington Nationals : RHP George Kellum
|
|
Batting: LHB Jon Schick
|
0-0: Fly out, F4 (Popup, 4, EV 55.6 MPH)
|
|
Batting: SHB Tze-meng Gan
|
0-0: Ball 1-0: Swinging Strike 1-1: Ball 2-1: Swinging Strike 2-2: Ball 3-2: Strikes out swinging
|
|
Batting: RHB Jose Balderrama
|
0-0: Swinging Strike 0-1: Ball 1-1: Ball 2-1: Ball 3-1: Base on Balls
|
|
Batting: SHB Gabriel Cruz
|
0-0: Ball 1-0: Foul Ball, location: 2F 1-1: Fly out, F7 (Flyball, 7, EV 86.9 MPH)
|
| Bottom of the 2nd over - 0 runs, 0 hits, 0 errors, 1 left on base; Washington 0 - Chicago 0 |
| TOP OF THE 3RD |
|
Washington Nationals batting - Pitching for Chicago Cubs : RHP Josh MacQueen
|
|
Batting: LHB Bob Melley
|
0-0: Ball 1-0: Called Strike 1-1: Ground out 1-3 (Groundball, 13S, EV 70.0 MPH)
|
|
Batting: SHB Dylan Novakowski
|
0-0: Ball 1-0: SINGLE (Flyball, 3D, EV 93.1 MPH)
|
|
Batting: RHB Darren McCarty Jr.
|
0-0: Ball 1-0: Called Strike 1-1: Ball 2-1: Foul Ball, location: 2F 2-2: Foul Ball, location: 2F 2-2: Grounds into double play, 6-4-3 (Groundball, 6, EV 105.6 MPH)
|
| Top of the 3rd over - 0 runs, 1 hit, 0 errors, 0 left on base; Washington 0 - Chicago 0 |
| BOTTOM OF THE 3RD |
|
Chicago Cubs batting - Pitching for Washington Nationals : RHP George Kellum
|
|
Batting: RHB Josh Kalman
|
0-0: Hit by Pitch
|
|
Batting: SHB Zory Larikov
|
0-0: Ball 1-0: Swinging Strike 1-1: Called Strike 1-2: Foul Ball, location: 2F 1-2: Ball 2-2: Strikes out swinging
|
|
Batting: LHB Kevin Norton
|
0-0: Ball 1-0: Ball 2-0: 2-RUN HOME RUN (Line Drive, 8RXD, EV 112.5 MPH), Distance : 430 ft
|
|
Batting: RHB Xavier Davis
|
0-0: Called Strike 0-1: Called Strike 0-2: Ball 1-2: Strikes out swinging
|
|
Batting: SHB Moe Lester
|
0-0: Ball 1-0: Called Strike 1-1: Foul Ball, location: 2F 1-2: Ball 2-2: SOLO HOME RUN (Line Drive, 89XD, EV 115.0 MPH), Distance : 456 ft
|
|
Batting: LHB Jon Schick
|
0-0: Ball 1-0: Ball 2-0: Foul Ball, location: 2F 2-1: Ball 3-1: Base on Balls
|
|
Batting: SHB Tze-meng Gan
|
0-0: Ball 1-0: Ball 2-0: Called Strike 2-1: Foul Ball, location: 2F 2-2: Ball 3-2: Strikes out swinging
|
| Bottom of the 3rd over - 3 runs, 2 hits, 0 errors, 1 left on base; Washington 0 - Chicago 3 |
| TOP OF THE 4TH |
|
Washington Nationals batting - Pitching for Chicago Cubs : RHP Josh MacQueen
|
|
Batting: RHB Tommy Baird
|
0-0: Foul Ball, location: 2F 0-1: Ball 1-1: Ball 2-1: Foul Ball, location: 2F 2-2: Ball 3-2: Strikes out looking
|
|
Batting: RHB Dave Vargas
|
0-0: SINGLE (Groundball, 4MS, EV 73.8 MPH) (infield hit)
|
|
Batting: LHB Seth Cook
|
0-0: Ball 1-0: Ball 2-0: Foul Ball, location: 2F 2-1: Ball 3-1: 2-RUN HOME RUN (Flyball, 9LD, EV 95.6 MPH), Distance : 379 ft
|
|
Batting: RHB John Sanders
|
0-0: Called Strike 0-1: Ball 1-1: Ball 2-1: Fly out, F8 (Flyball, 89D, EV 100.6 MPH)
|
|
Batting: LHB Kyung-jin Cho
|
0-0: Swinging Strike 0-1: Foul Ball, location: 2F 0-2: Ball 1-2: Foul Ball, location: 2F 1-2: Strikes out swinging
|
| Top of the 4th over - 2 runs, 2 hits, 0 errors, 0 left on base; Washington 2 - Chicago 3 |
| BOTTOM OF THE 4TH |
|
Chicago Cubs batting - Pitching for Washington Nationals : RHP George Kellum
|
|
Batting: RHB Jose Balderrama
|
0-0: Called Strike 0-1: SINGLE (Groundball, 56D, EV 96.2 MPH)
|
|
Batting: SHB Gabriel Cruz
|
0-0: Ball 1-0: Ball 2-0: Ball 3-0: Called Strike 3-1: Swinging Strike 3-2: SINGLE (Line Drive, 78S, EV 97.5 MPH) Jose Balderrama to second
|
|
Batting: RHB Josh Kalman
|
0-0: Called Strike 0-1: Fly out, F8 (Flyball, 8RXD, EV 95.6 MPH) Runner from 2nd tags up, SAFE at 3rd, no throw by CF
|
|
Batting: SHB Zory Larikov
|
0-0: Fly out, F7 (Line Drive, 7LS, EV 88.8 MPH)
|
|
Batting: LHB Kevin Norton
|
0-0: Ball 1-0: Ball 2-0: Foul Ball, location: 2F 2-1: Foul Ball, location: 2F 2-2: Ball 3-2: Hit by Pitch Gabriel Cruz to second
|
|
Batting: RHB Xavier Davis
|
0-0: Ball 1-0: SINGLE (Groundball, 6MD, EV 109.4 MPH) Jose Balderrama scores Gabriel Cruz to third Kevin Norton to second Runner from 3rd tries for Home, throw by CF and OUT! 8-2
|
| Bottom of the 4th over - 1 run, 3 hits, 0 errors, 2 left on base; Washington 2 - Chicago 4 |
| TOP OF THE 5TH |
|
Washington Nationals batting - Pitching for Chicago Cubs : RHP Josh MacQueen
|
|
Batting: RHB Kirk Arp
|
0-0: Called Strike 0-1: Ball 1-1: Foul Ball, location: 2F 1-2: Strikes out swinging
|
|
Batting: LHB Bob Melley
|
0-0: Ball 1-0: Ground out 6-3 (Groundball, P, EV 85.6 MPH)
|
|
Batting: SHB Dylan Novakowski
|
0-0: Called Strike 0-1: Foul Ball, location: 2F 0-2: Ball 1-2: Ground out 1-3 (Groundball, 13S, EV 70.6 MPH)
|
| Top of the 5th over - 0 runs, 0 hits, 0 errors, 0 left on base; Washington 2 - Chicago 4 |
| BOTTOM OF THE 5TH |
|
Chicago Cubs batting - Pitching for Washington Nationals : RHP George Kellum
|
|
Batting: SHB Moe Lester
|
0-0: Ball 1-0: Fly out, F9 (Flyball, 9, EV 93.8 MPH)
|
|
Batting: LHB Jon Schick
|
0-0: Ball 1-0: Ball 2-0: Called Strike 2-1: Foul Ball, location: 2F 2-2: TRIPLE (Flyball, 89XD, EV 105.6 MPH)
|
|
Batting: SHB Tze-meng Gan
|
0-0: Ball 1-0: Foul Ball, location: 2F 1-1: Called Strike 1-2: Ball 2-2: Foul Ball, location: 2F 2-2: Strikes out swinging
|
|
Pitching: LHP Anass Rhammar
|
|
|
Batting: RHB Jose Balderrama
|
0-0: Called Strike 0-1: Ball 1-1: Foul Ball, location: 2F 1-2: Fly out, F8 (Flyball, 8RD, EV 87.5 MPH)
|
| Bottom of the 5th over - 0 runs, 1 hit, 0 errors, 1 left on base; Washington 2 - Chicago 4 |
| TOP OF THE 6TH |
|
Washington Nationals batting - Pitching for Chicago Cubs : RHP Josh MacQueen
|
|
Batting: RHB Darren McCarty Jr.
|
0-0: Called Strike 0-1: Foul Ball, location: 2F 0-2: Ball 1-2: Foul Ball, location: 2F 1-2: Strikes out looking
|
|
Batting: RHB Tommy Baird
|
0-0: Ball 1-0: Called Strike 1-1: Foul Ball, location: 2F 1-2: Ground out 5-3 (Groundball, 56S, EV 68.8 MPH)
|
|
Batting: RHB Dave Vargas
|
0-0: Ground out 1-3 (Groundball, 13S, EV 68.1 MPH)
|
| Top of the 6th over - 0 runs, 0 hits, 0 errors, 0 left on base; Washington 2 - Chicago 4 |
| BOTTOM OF THE 6TH |
|
Chicago Cubs batting - Pitching for Washington Nationals : LHP Anass Rhammar
|
|
Batting: SHB Gabriel Cruz
|
0-0: Ball 1-0: Fly out, F6 (Popup, 6M, EV 56.2 MPH)
|
|
Batting: RHB Josh Kalman
|
0-0: Called Strike 0-1: SOLO HOME RUN (Flyball, 7LD, EV 96.2 MPH), Distance : 386 ft
|
|
Batting: SHB Zory Larikov
|
0-0: Swinging Strike 0-1: Foul Ball, location: 2F 0-2: Foul Ball, location: 2F 0-2: Strikes out looking
|
|
Batting: LHB Kevin Norton
|
0-0: Ball 1-0: Called Strike 1-1: Ball 2-1: SINGLE (Line Drive, 78S, EV 97.5 MPH)
|
|
Batting: RHB Xavier Davis
|
0-0: Fielders Choice at 2nd, 6-4 (Groundball, 6, EV 93.1 MPH)
|
| Bottom of the 6th over - 1 run, 2 hits, 0 errors, 1 left on base; Washington 2 - Chicago 5 |
| TOP OF THE 7TH |
|
Washington Nationals batting - Pitching for Chicago Cubs : RHP Josh MacQueen
|
|
Batting: LHB Seth Cook
|
0-0: Ground out 1-3 (Groundball, P, EV 70.0 MPH)
|
|
Batting: RHB John Sanders
|
0-0: Called Strike 0-1: Ball 1-1: Called Strike 1-2: Ball 2-2: Strikes out swinging
|
|
Batting: LHB Kyung-jin Cho
|
0-0: Called Strike 0-1: Called Strike 0-2: Ball 1-2: Foul Ball, location: 2F 1-2: Foul Ball, location: 2F 1-2: Strikes out swinging
|
| Top of the 7th over - 0 runs, 0 hits, 0 errors, 0 left on base; Washington 2 - Chicago 5 |
| BOTTOM OF THE 7TH |
|
Chicago Cubs batting - Pitching for Washington Nationals : LHP Anass Rhammar
|
|
Batting: SHB Moe Lester
|
0-0: Called Strike 0-1: Ball 1-1: Ball 2-1: Ball 3-1: Base on Balls
|
|
Batting: LHB Jon Schick
|
0-0: Ball 1-0: Foul Ball, location: 2F 1-1: DOUBLE (Line Drive, 9LM, EV 99.4 MPH) Moe Lester to third Runner from 3rd tries for Home, SAFE, throw by RF to home
|
|
Batting: SHB Tze-meng Gan
|
0-0: Called Strike 0-1: Foul Ball, location: 2F 0-2: Strikes out swinging
|
|
Batting: RHB Jose Balderrama
|
0-0: Foul Ball, location: 2F 0-1: Foul Ball, location: 2F 0-2: Ball 1-2: Ball 2-2: Ground out 6-3 (Groundball, 56, EV 87.5 MPH)
|
|
Batting: SHB Gabriel Cruz
|
0-0: TRIPLE (Line Drive, 78XD, EV 107.5 MPH) Jon Schick scores
|
|
Batting: RHB Josh Kalman
|
0-0: Called Strike 0-1: Ball 1-1: Ball 2-1: Swinging Strike 2-2: Ground out 5-3 (Groundball, 56, EV 80.0 MPH)
|
| Bottom of the 7th over - 2 runs, 2 hits, 0 errors, 1 left on base; Washington 2 - Chicago 7 |
| TOP OF THE 8TH |
|
Washington Nationals batting - Pitching for Chicago Cubs : RHP Josh MacQueen
|
|
Batting: RHB Kirk Arp
|
0-0: Ball 1-0: Called Strike 1-1: Ball 2-1: Ground out 5-3 (Groundball, 15, EV 78.1 MPH)
|
|
Batting: LHB Bob Melley
|
0-0: Called Strike 0-1: Ball 1-1: SINGLE (Groundball, 25, EV 67.5 MPH) (infield hit)
|
|
Batting: SHB Dylan Novakowski
|
0-0: Ground out 5-3 (Groundball, 6S, EV 65.6 MPH) Bob Melley to second
|
|
Batting: RHB Darren McCarty Jr.
|
0-0: Ball 1-0: Ball 2-0: Foul Ball, location: 2F 2-1: Ground out 6-3 (Groundball, 56, EV 98.8 MPH)
|
| Top of the 8th over - 0 runs, 1 hit, 0 errors, 1 left on base; Washington 2 - Chicago 7 |
| BOTTOM OF THE 8TH |
|
Chicago Cubs batting - Pitching for Washington Nationals : LHP Anass Rhammar
|
|
Batting: SHB Zory Larikov
|
0-0: Ball 1-0: Ground out 4-3 (Groundball, 4M, EV 91.9 MPH)
|
|
Batting: LHB Kevin Norton
|
0-0: Ball 1-0: Foul Ball, location: 2F 1-1: Ball 2-1: Swinging Strike 2-2: Ball 3-2: Strikes out swinging
|
|
Batting: RHB Xavier Davis
|
0-0: Ball 1-0: Ball 2-0: Called Strike 2-1: Ball 3-1: Called Strike 3-2: Foul Ball, location: 2F 3-2: Foul Ball, location: 2F 3-2: Strikes out swinging
|
| Bottom of the 8th over - 0 runs, 0 hits, 0 errors, 0 left on base; Washington 2 - Chicago 7 |
| TOP OF THE 9TH |
|
Washington Nationals batting - Pitching for Chicago Cubs : RHP Josh MacQueen
|
|
Batting: RHB Tommy Baird
|
0-0: Called Strike 0-1: Ball 1-1: Ball 2-1: SINGLE (Groundball, 6MD, EV 110.6 MPH)
|
|
Batting: RHB Dave Vargas
|
0-0: Ball 1-0: Called Strike 1-1: SINGLE (Line Drive, 7S, EV 100.6 MPH) Tommy Baird to second
|
|
Batting: LHB Seth Cook
|
0-0: SINGLE (Groundball, 6S, EV 68.8 MPH) (infield hit) Tommy Baird to third Dave Vargas to second
|
|
Batting: RHB John Sanders
|
0-0: Ball 1-0: Ball 2-0: Ball 3-0: Swinging Strike 3-1: Base on Balls Tommy Baird scores Dave Vargas to third Seth Cook to second
|
|
Pitching: LHP Mike Alexander
|
|
|
Pinch Hitting: RHB Dan Fallon
|
0-0: DOUBLE (Flyball, 8LXD, EV 111.2 MPH) Dave Vargas scores Seth Cook scores John Sanders to third
|
|
Batting: RHB Kirk Arp
|
0-0: Called Strike 0-1: Foul Ball, location: 2F 0-2: Ball 1-2: Ball 2-2: Strikes out swinging
|
|
Pinch Hitting: RHB Eric Wiss
|
0-0: Ball 1-0: Ball 2-0: Fly out, F7 (Line Drive, 7, EV 90.6 MPH) Runner from 3rd tags up, SCORES, no throw by LF
|
|
Batting: SHB Dylan Novakowski
|
0-0: Ball 1-0: Ball 2-0: Ball 3-0: Base on Balls
|
|
Batting: RHB Darren McCarty Jr.
|
0-0: Ball 1-0: Ball 2-0: Called Strike 2-1: Foul Ball, location: 2F 2-2: Strikes out swinging
|
| Top of the 9th over - 4 runs, 4 hits, 0 errors, 2 left on base; Washington 6 - Chicago 7 |
|